 Dungeon Crawl Stone Soup version 0.23.2-30-g0e89c35649 (webtiles) character file.

Game seed: 11360032814779310819

52 DildoBatman the Magician (level 4, -3/30 HPs)
             Began as a Formicid Wizard on June 21, 2019.
             Slain by a goblin
             ... wielding a cursed +0 hunting sling
              (4 damage)
             ... on level 2 of the Dungeon.
             The game lasted 00:03:19 (1142 turns).

DildoBatman the Magician (Formicid Wizard)          Turns: 1142, Time: 00:03:19

Health: -3/30      AC:  2    Str: 12    XL:     4   Next: 8%
Magic:  8/8        EV: 12    Int: 18    God:
Gold:   87         SH:  0    Dex:  9    Spells: 2/9 levels left

rFire    . . .     SeeInvis +   a - +1 long sword (holy)
rCold    . . .     Gourm    .   (no shield)
rNeg     . . .     Faith    .   p - +0 robe
rPois    .         Spirit   .   (helmet unavailable)
rElec    .         Reflect  .   (no cloak)
rCorr    .         Harm     .   (no gloves)
MR       .....                  (no boots)
Stlth    ++........             (no amulet)
HPRegen  0.10/turn              (no ring)
MPRegen  0.11/turn              (no ring)

@: no status effects
A: permanent stasis, dig shafts and tunnels, four strong arms, antennae 3
a: Dig, Shaft Self


You were on level 2 of the Dungeon.
You were not hungry.

You visited 1 branch of the dungeon, and saw 2 of its levels.

You collected 87 gold pieces.

Inventory:

Hand Weapons
 a - a +1 long sword of holy wrath (weapon)
Missiles
 b - 42 bolts
 d - 17 poisoned needles
 j - 42 stones (quivered)
 m - 33 sling bullets
 o - 20 arrows
Armour
 p - a +0 robe (worn)
Jewellery
 n - an uncursed ring of protection from cold {unknown}
Scrolls
 f - a scroll of identify {unknown}
 i - 2 scrolls of teleportation {unknown}
 k - a scroll of blinking {unknown}
Potions
 c - 2 potions of brilliance {unknown}
 e - 2 potions of curing {unknown}
 h - a potion of heal wounds {unknown}
 l - a potion of might {unknown}
Comestibles
 g - 2 chunks of flesh
 v - 3 rations


   Skills:
 - Level 1.7 Dodging
 - Level 2.4 Stealth
 - Level 3.2 Spellcasting
 * Level 3.2 Conjurations
   Level 1.0 Summonings
   Level 0.8 Translocations


You had 2 spell levels left.
You knew the following spells:

 Your Spells              Type           Power        Failure   Level  Hunger
a - Conjure Flame         Conj/Fire      #.......     24%         3    ###....
c - Magic Dart            Conj           ##..         4%          1    None
e - Mephitic Cloud        Conj/Pois/Air  #.......     30%         3    ###....

Your spell library contained the following spells:

 Spells                   Type           Power        Failure   Level  Hunger
 Call Imp                 Summ           #.......     16%         2    ##.....
 Slow                     Hex            #.......     24%         2    ##.....
 Blink                    Tloc           Unusable     N/A         2    N/A

Dungeon Overview and Level Annotations

Branches:
Dungeon (2/15)

Altars:


Innate Abilities, Weirdness & Mutations

You cannot be hasted, slowed, berserked, paralysed or teleported.
You can dig through walls and to a lower floor.
Your four strong arms can wield two-handed weapons with a shield.
You have a pair of large antennae on your head. (SInv)


Message History

You shout for attention!
The goblin misses you. What are your orders? t - Shout!
Orders for allies: a - Attack new target. r - Retreat! s - Stop attacking. g - Guard the area. f - Follow me.
Anything else - Cancel.
You shout for attention!
The goblin misses you. The goblin closely misses you.
What are your orders? t - Shout!
Orders for allies: a - Attack new target. r - Retreat! s - Stop attacking. g - Guard the area. f - Follow me.
Anything else - Cancel.
You shout for attention!
The goblin hits you with a cursed +0 hunting sling.
You die...

. ####### ##########
..##.....#####..<.#....
?..............>......
##.....###......#....
#.....# #......#....
#####.(#####....#####
#...(...# ######
#..†)†..# #...@...#
#..?.g..# #.......# {
######.## ..# {{ .# . #


You could see a goblin.

Vanquished Creatures
  An ooze (D:1)
  A worm (D:1)
  A dart slug (D:1)
  A leopard gecko (D:1)
  9 bats
  2 giant cockroaches (D:1)
  5 goblins (D:1)
  2 hobgoblins
  4 jackals (D:2)
  A quokka (D:2)
  4 frilled lizards
  2 kobolds
  4 rats
37 creatures vanquished.

Notes
Turn   | Place    | Note
-------+----------+-------------------------------------------
     0 | D:1      | DildoBatman the Formicid Wizard began the quest for the
                  | Orb.
     0 | D:1      | Reached XP level 1. HP: 13/13 MP: 4/4
     8 | D:1      | Reached skill level 1 in Conjurations
   221 | D:1      | Reached XP level 2. HP: 18/19 MP: 0/6
   375 | D:1      | Reached XP level 3. HP: 18/24 MP: 0/7
   531 | D:1      | Learned a level 3 spell: Conjure Flame
   535 | D:1      | Learned a level 3 spell: Mephitic Cloud
  1116 | D:2      | Reached XP level 4. HP: 30/30 MP: 6/8
  1139 | D:2      | HP: 1/30 [goblin/cursed +0 hunting sling (1)]
  1142 | D:2      | Slain by a goblin

Skill      XL: |  1  2  3 |
---------------+----------+-----
Conjurations   | 1 2 3 |  3.2
Dodging        | |  1.7
Stealth        | |  2.4
Spellcasting   | |  3.2
Summonings     | |  1.0
Translocations | |  0.8

Action                   |  1- 3 |  4- 6 || total
-------------------------+-------+-------++-------
Melee: Unarmed           |     8 |       ||     8
       Dagger            |    55 |       ||    55
       Long sword        |    10 |     1 ||    11
 Cast: Magic Dart        |    55 |     1 ||    56
       Mephitic Cloud    |     1 |       ||     1
 Abil: Dig               |     3 |     1 ||     4
 Stab: Sleeping          |     1 |       ||     1
  Eat: Chunk             |     2 |       ||     2
Armor: Robe              |    32 |     7 ||    39
Dodge: Dodged            |   102 |    18 ||   120
       Rpst.: Long sword |     9 |     5 ||    14
